 Dungeon Crawl Stone Soup version 0.26-a0-547-g695e311587 (webtiles) character file.

Game seed: 147415991915096872

791 Aksej the Chopper (level 7, -3/78 HPs)
             Began as a Demonspawn Gladiator on Aug 20, 2020.
             Killed by divine providence
             ... invoked by an orc priest
              (9 damage)
             ... on level 5 of the Dungeon.
             The game lasted 00:11:05 (4625 turns).

Aksej the Chopper (Demonspawn Gladiator)            Turns: 4625, Time: 00:11:06

Health: -3/78      AC: 27    Str: 14    XL:     7   Next: 57%
Magic:  0/8        EV:  2    Int:  9    God:
Gold:   220        SH:  9    Dex: 17    Spells: 8/8 levels left

rFire    . . .     SeeInvis .   a - +1 war axe
rCold    . . .     Faith    .   h - +1 kite shield
rNeg     + + +     Spirit   +   (armour currently unavailable)
rPois    +         Reflect  .   (helmet currently unavailable)
rElec    .         Harm     .   (cloak currently unavailable)
rCorr    .         NoTele   +   (gloves currently unavailable)
MR       .....                  (boots currently unavailable)
Stlth    ++........             (no amulet)
HPRegen  0.23/turn              i - +4 ring of protection
MPRegen  0.22/turn              l - ring of positive energy

@: tree-form
A: magic shield, magic regeneration, rot immunity
a: no special abilities


You were on level 5 of the Dungeon.
You were a tree.
You visited 1 branch of the dungeon, and saw 5 of its levels.

You collected 220 gold pieces.

Inventory:

Hand Weapons
 a - a +1 war axe (weapon)
Armour
 b - a +0 leather armour (melded)
 c - a +0 helmet (melded)
 e - a +0 pair of gloves (melded)
 h - a +1 kite shield (worn)
Jewellery
 i - a +4 ring of protection (left branch)
 l - a ring of positive energy (right branch)
Wands
 k - a wand of digging (4)
 s - a wand of disintegration (12)
Scrolls
 j - a scroll of magic mapping
 o - a scroll of amnesia
 p - a scroll of remove curse
 t - a scroll of teleportation
 u - a scroll of blinking
Potions
 d - 2 potions of might
 f - a potion of stabbing
 g - a potion of brilliance
 n - 2 potions of curing
 q - a potion of berserk rage
 r - a potion of flight


   Skills:
 * Level 3.4 Fighting
 * Level 6.6 Axes
 + Level 1.7 Throwing
 + Level 1.6 Armour
 + Level 3.6 Dodging
 + Level 1.4 Shields
 * Level 1.0 Spellcasting
 * Level 1.1 Evocations


You had 8 spell levels left.
You didn't know any spells.
Your spell library was empty.

Dungeon Overview and Level Annotations

Branches:
Dungeon (5/15)
 Temple: D:4-7

Altars:
Sif Muna
Xom


Innate Abilities, Weirdness & Mutations

When hurt, damage is shared between your health and your magic reserves.
You regenerate magic rapidly.
You are immune to rotting.


Message History

Really quaff the potion of lignification?
You turn into a tree.
Your +0 helmet melds into your body.
Your +0 pair of gloves melds into your body.
Your +0 leather armour melds into your body.
Your roots penetrate the ground.
The orc priest hits you but does no damage.
You closely miss the orc priest.
The orc priest is severely wounded.
You hit the ogre.
The leopard gecko bites the worker ant zombie.
The orc priest hits you but does no damage.
The ogre hits you with a +0 giant spiked club.
* * * LOW HITPOINT WARNING * * *
You closely miss the orc priest.
The orc priest is severely wounded.
You slash the ogre! You block the orc priest's attack.
You block the ogre's attack.
The orc priest calls down the wrath of Beogh upon you.
Beogh smites you!
You die...

...≈≈...≈≈# #.........#
...≈.☼°○.≈## #.).......#
..(≈..°..≈.####.........#
#.≈.☼...≈..............#
#≈≈..l≈≈####..........#
##≈≈≈≈≈##.............#
#.$=.Zh...###.........#
#.###Oo#### ##........†
##♣# ##.....### #..#
########. ..... ####...
#>...... ###....##
#.......# #......#
#.......###.#.#..#
####.####.....#.##
....##.##.##.#
#.....##.#..#


You could see an ogre, a hound, an orc priest, a worker ant zombie and a leopard
gecko (confused).

Vanquished Creatures
  An ice beast (D:5)
  3 ogres
  A hound (D:5)
  A centaur skeleton (D:4)
  2 iguanas
  Terence (D:2)
  2 orc wizards (D:4)
  3 worker ants
  7 adders
  2 oozes
  2 adder skeletons
  3 worms
  6 dart slugs
  3 leopard geckos
  15 orcs
  A ball python (D:3)
  6 bats
  5 giant cockroaches
  6 goblins
  4 hobgoblins
  7 jackals
  5 quokkas
  3 frilled lizards
  4 kobolds
  6 rats
99 creatures vanquished.

Vanquished Creatures (others)
  A jackal (D:5)
  A quokka (D:5)
2 creatures vanquished.

Grand Total: 101 creatures vanquished

Notes
Turn   | Place    | Note
-------+----------+-------------------------------------------
     0 | D:1      | Aksej the Demonspawn Gladiator began the quest for the Orb.
     0 | D:1      | Reached XP level 1. HP: 16/16 MP: 1/1
   187 | D:1      | Reached skill level 3 in Axes
   247 | D:1      | Gained mutation: You are immune to rotting. [demonic
                  | ancestry]
   247 | D:1      | Reached XP level 2. HP: 22/22 MP: 2/2
   853 | D:2      | Gained mutation: When hurt, damage is shared between your
                  | health and your magic reserves. [demonic ancestry]
   853 | D:2      | Reached XP level 3. HP: 25/27 MP: 3/3
  1036 | D:2      | Noticed Terence
  1051 | D:2      | Killed Terence
  1051 | D:2      | Reached XP level 4. HP: 33/33 MP: 4/4
  1072 | D:2      | Reached skill level 4 in Axes
  1113 | D:2      | Found a faded altar of an unknown god.
  1688 | D:2      | Reached skill level 1 in Armour
  1819 | D:3      | Gained mutation: You regenerate magic rapidly. [demonic
                  | ancestry]
  1819 | D:3      | Reached XP level 5. HP: 38/38 MP: 5/5
  2952 | D:4      | Reached skill level 5 in Axes
  3196 | D:4      | Reached XP level 6. HP: 42/46 MP: 6/6
  3439 | D:4      | Reached skill level 1 in Shields
  3654 | D:4      | Found a shimmering blue altar of Sif Muna.
  4364 | D:5      | Entered Level 5 of the Dungeon
  4484 | D:5      | Noticed an ice beast
  4502 | D:5      | Reached skill level 6 in Axes
  4502 | D:5      | Reached XP level 7. HP: 44/52 MP: 5/7
  4608 | D:5      | Found a shimmering altar of Xom.
  4616 | D:5      | Reached skill level 1 in Evocations
  4621 | D:5      | Reached skill level 1 in Spellcasting
  4625 | D:5      | Killed from afar by an orc priest

Illustrated notes

Levels and vault maps discovered:
D:1:      moated_graveyard_arrival, layout_loops_ring
D:2:      layout_rooms, chequers_ecumenical_altar_simple, wad_orctagon,
          uniq_terence
D:3:      layout_basic, kennysheep_generic_room_7
D:4:      minmay_door_path, layout_basic, lemuel_coloured_pillars_altar
D:5:      layout_rooms, xom_confusion_cloud

Skill      XL: |  1  2  3  4  5  6  7 |
---------------+----------------------+-----
Axes           | 3 4 5 6 |  6.6
Dodging        | 3 |  3.6
Armour         | 1 |  1.6
Shields        | 1 |  1.4
Fighting       | 3 |  3.4
Evocations     | 1 |  1.1
Spellcasting   | 1 |  1.0
Throwing       | |  1.7

Action                   |  1- 3 |  4- 6 |  7- 9 || total
-------------------------+-------+-------+-------++-------
Melee: War axe           |    37 |   236 |    24 ||   297
Throw: Throwing net      |     2 |     2 |       ||     4
  Use: Scroll            |     8 |     6 |       ||    14
       Potion            |     3 |     4 |     1 ||     8
 Stab: Held in net/web   |       |     1 |       ||     1
Armor: Leather armour    |    27 |    75 |     4 ||   106
       Skin              |       |       |     2 ||     2
Dodge: Dodged            |    23 |    78 |    11 ||   112
Block: Kite shield       |    24 |    91 |    15 ||   130

Table legend: (Time is in decaauts)
 A = Elapsed time spent in this place.
 B = Non-inter-level travel time spent in this place.
 C = Inter-level travel time spent in this place.
 D = Time resting spent in this place.
 E = Time spent auto-exploring this place.
 F = Levels seen in this place.
 G = Mean time per level.
                   A        B        C        D        E       F      G
               +--------+--------+--------+--------+--------+-----+--------+
         Total |   4740 |   4635 |    105 |      0 |   3878 |   5 |  948.0 |
       Dungeon |   4740 |   4635 |    105 |      0 |   3878 |   5 |  948.0 |
               +--------+--------+--------+--------+--------+-----+--------+

Top non-repeatable levels by time:
     D:4: 1709 daAuts
     D:3: 966 daAuts
     D:2: 933 daAuts
     D:1: 855 daAuts
     D:5: 275 daAuts
